 Dungeon Crawl Stone Soup version 0.31.0-11-ge490571c62 (webtiles) character file.

Game seed: 4741668904397267996

241 Gadfly the Ruffian (level 5, 0/38 HPs)
             Began as a Demonspawn Shapeshifter on Jan 27, 2024.
             Slain by an orc
             ... wielding a +0 whip
              (2 damage)
             ... on level 3 of the Dungeon.
             The game lasted 00:04:25 (1957 turns).

Gadfly the Ruffian (Demonspawn Shapeshifter)        Turns: 1957, Time: 00:04:26

Health: 0/38       AC:  3    Str: 16    XL:     5   Next: 80%
Magic:  5/5        EV: 12    Int: 11    God:
Gold:   92         SH:  0    Dex: 12    Spells: 4/4 levels left

rFire   . . .        b - +3 dagger (speed)
rCold   . . .        (no shield)
rNeg    . . .        a - +0 animal skin
rPois   .            (helmet currently unavailable)
rElec   .            (cloak currently unavailable)
rCorr   .            (gloves currently unavailable)
SInv    .            (boots currently unavailable)
Will    .....        (no amulet)
Stlth   +            (no ring)
HPRegen 0.26/turn    (no ring)
MPRegen 0.09/turn

%: no passive effects
@: beast-form
A: beast (slay +1), demonic guardian 1, foul stench 1, sharp scales 1
a: Begin Untransformation


You were on level 3 of the Dungeon.
You were a hulking beast.
You visited 1 branch of the dungeon, and saw 3 of its levels.

You collected 92 gold pieces.

Inventory:

Hand Weapons
 b - a +3 dagger of speed (weapon)
Armour
 a - a +0 animal skin (worn)
Jewellery
 f - a ring of see invisible
 g - a +6 ring of intelligence
Talismans
 c - a beast talisman
 d - a flux talisman
 h - a serpent talisman
Scrolls
 e - a scroll of summoning {unknown}
Potions
 i - a potion of resistance
 j - a potion of cancellation
 l - a potion of haste


   Skills:
 + Level 2.2 Fighting
 * Level 3.2 Dodging
 + Level 3.3 Unarmed Combat
 * Level 2.9 Evocations
 + Level 3.2 Shapeshifting


You had 4 spell levels left.
You didn't know any spells.
Your spell library contained the following spells:

 Spells                   Type           Power      Damage    Failure   Level
 Cigotuvi's Dreadful Rot  Necr/Alch/Air  0%         N/A       47%         2
 Jinxbite                 Hex            0%         N/A       47%         2
 Momentum Strike          Conj/Tloc      0%         3d8       47%         2
 Tukima's Dance           Hex            0%         N/A       71%         3
 Dispel Undead            Necr           0%         3d6       98%         4
 Martyr's Knell           Necr/Summ      0%         N/A       98%         4
 Passage of Golubria      Tloc           0%         N/A       98%         4
 Yara's Violent Unravell  Hex/Alch       0%         3d3       100%        5
 Death Channel            Necr           0%         N/A       100%        6


Dungeon Overview and Level Annotations

Branches:
Dungeon (3/15)

Altars:


Innate Abilities, Weirdness & Mutations

You are a hulking beast.
Your limbs bulge with bestial killing power. (Slay +1)
A weak demonic guardian rushes to your aid.
You may rarely emit foul miasma when damaged in melee.
You are partially covered in razor-sharp scales. (AC +1, Slay +1)


Message History

You hit Robin.
Robin is almost dead.
You puncture Robin!
You kill Robin!
An orc comes into view. It is wielding a +0 trident.
The orc shouts!
The orc closely misses you.
Items here: )))) [[ ††††.
You hit the orc.
The orc is lightly wounded.
The orc hits you but does no damage.
Things that are here:
a +0 dagger; a +6 ring of intelligence; a goblin corpse You hit the orc but do no damage.
You hit the orc but do no damage. The orc hits you with a +0 whip.
You are too injured to fight recklessly!
You are too injured to fight recklessly!
You are too injured to fight recklessly!
You are too injured to fight recklessly!
You are too injured to fight recklessly!
You are too injured to fight recklessly!
You are too injured to fight recklessly!
You are too injured to fight recklessly!
You are too injured to fight recklessly!
You are too injured to fight recklessly!
You hit the orc but do no damage. The orc hits you with a +0 whip.
You hit the orc but do no damage. You punch the orc, but do no damage.
You hit the orc but do no damage. The orc closely misses you.
You hit the orc but do no damage.
The orc hits you from afar with a +0 trident.
* * * LOW HITPOINT WARNING * * *
The orc barely misses you.
You hit the orc.
The orc is lightly wounded.
You hit the orc but do no damage.
The orc is lightly wounded.
The orc hits you from afar with a +0 trident!
* * * LOW HITPOINT WARNING * * *
A demonic guardian appears!
The orc hits you with a +0 whip.
You die...

..... .... ....
#..# #..#
#.###..# #....).#
###############o#
#..........5.hoo#
#.########..#####
#.# #......# #.#
#......#
#.######....# .#
#...........###.#
#########........
................#
....####.#...####


You could see 3 orcs and a friendly ufetubus (summoned).

Vanquished Creatures
  A scorpion (D:2)
  Jessica (D:2)
  Natasha (twice) (D:2)
  Robin (D:3)
  An adder (D:2)
  2 dart slugs
  An orc (D:3)
  8 ball pythons
  7 bats
  7 endoplasms
  2 giant cockroaches
  15 goblins
  3 hobgoblins
  4 jackals (D:1)
  3 quokkas
  5 frilled lizards
  3 kobolds
  10 rats
76 creatures vanquished.

Notes
Turn   | Place    | Note
-------+----------+-------------------------------------------
     0 | D:1      | Gadfly the Demonspawn Shapeshifter began the quest for the
                  | Orb.
     0 | D:1      | Reached XP level 1. HP: 15/15 MP: 1/1
    98 | D:1      | Gained mutation: You may rarely emit foul miasma when
                  | damaged in melee. [demonic ancestry]
    98 | D:1      | Reached XP level 2. HP: 20/21 MP: 2/2
   193 | D:1      | Reached skill level 1 in Evocations
   334 | D:1      | Got Jiriugh's Elucidation of the Barrage and Hexes
   577 | D:1      | Reached XP level 3. HP: 24/26 MP: 3/3
  1132 | D:2      | Noticed a scorpion
  1153 | D:2      | Killed a scorpion
  1154 | D:2      | Gained mutation: A weak demonic guardian rushes to your
                  | aid. [demonic ancestry]
  1154 | D:2      | Reached XP level 4. HP: 14/33 MP: 4/4
  1346 | D:2      | Noticed Natasha
  1352 | D:2      | Killed Natasha
  1353 | D:2      | Gained mutation: You are partially covered in razor-sharp
                  | scales. (AC +1, Slay +1) [demonic ancestry]
  1353 | D:2      | Reached XP level 5. HP: 29/38 MP: 5/5
  1399 | D:2      | Noticed Jessica
  1404 | D:2      | Killed Jessica
  1665 | D:2      | Noticed Natasha
  1675 | D:2      | Killed Natasha
  1905 | D:3      | Noticed Robin
  1946 | D:3      | Killed Robin
  1957 | D:3      | Slain by an orc

Illustrated notes

Levels and vault maps discovered:
D:1:      shiori_arrival_maze, layout_basic, glass_columns_a, minmay_tromino_v7
D:2:      layout_basic, hangedman_abyss_or_decor_stabs, hex_intersection,
          kennysheep_jessica_study, uniq_natasha
D:3:      layout_basic, uniq_robin, uniq_ijyb

Skill      XL: |  1  2  3  4  5 |
---------------+----------------+-----
Dodging        | 2 3 |  3.2
Evocations     | 1 2 |  2.9
Unarmed Combat | 3 |  3.3
Shapeshifting  | 3 |  3.2
Fighting       | 2 |  2.2

Action                     |  1- 3 |  4- 6 || total
---------------------------+-------+-------++-------
  Melee: Dagger            |   107 |    80 ||   187
         Unarmed           |     5 |       ||     5
         Punch             |       |     3 ||     3
    Use: Scroll            |     3 |     2 ||     5
         Potion            |     2 |       ||     2
   Stab: Sleeping          |     3 |       ||     3
 Armour: Animal skin       |    37 |    38 ||    75
         Skin              |     7 |       ||     7
  Dodge: Dodged            |    54 |    27 ||    81
